 Dungeon Crawl Stone Soup version 0.26.1-11-gd32895ea62 (webtiles) character file.

Game seed: 10185789334773065277

136 promet the Conjurer (level 5, -1/26 HPs)
             Began as a Vine Stalker Conjurer on May 31, 2021.
             Was a Follower of Qazlal.
             Slain by Sigmund
             ... wielding a +0 scythe
              (8 damage)
             ... on level 3 of the Dungeon.
             The game lasted 00:19:15 (3195 turns).

promet the Conjurer (Vine Stalker Conjurer)         Turns: 3195, Time: 00:19:16

Health: -1/26      AC:  4    Str:  9    XL:     5   Next: 19%
Magic:  0/9        EV: 12    Int: 18    God:    Qazlal [*.....]
Gold:   156        SH:  1    Dex: 14    Spells: 6/9 levels left

rFire    . . .     SeeInvis .   o - +2 falchion (holy)
rCold    . . .     Faith    .   (no shield)
rNeg     . . .     Spirit   +   c - +1 leather armour
rPois    .         Reflect  .   (no helmet)
rElec    .         Harm     .   (no cloak)
rCorr    .         Rampage  .   (no gloves)
Will     .....                  (no boots)
Stlth    ++........             (no amulet)
HPRegen  0.48/turn              (no ring)
MPRegen  0.11/turn              (no ring)

@: no status effects
A: fangs 2, regeneration 1, magic shield, antimagic bite, no potion heal 3
a: Renounce Religion


You were on level 3 of the Dungeon.
You worshipped Qazlal.
Qazlal was aware of your devotion.
You visited 1 branch of the dungeon, and saw 3 of its levels.

You collected 156 gold pieces.

Inventory:

Hand Weapons
 a - a +0 dagger
 b - a +0 hunting sling
 g - a +0 hand axe
 h - a +0 mace
 i - a cursed -3 dagger
 o - a +2 falchion of holy wrath (weapon)
 r - a +0 war axe
Missiles
 j - 63 arrows
 k - 97 stones
 l - 34 sling bullets
 m - 26 bolts
 v - 8 boomerangs
Armour
 c - a +1 leather armour (worn)
 d - a +0 robe
Scrolls
 e - a scroll of fear
 f - 3 scrolls of teleportation
 n - a scroll of blinking
 t - a scroll of identify
Potions
 p - a potion of resistance
 q - a potion of haste
 s - 2 potions of attraction
 u - 2 potions of curing


   Skills:
 * Level 1.7 Fighting
 + Level 0.4(0.8) Short Blades
 + Level 1.0(1.1) Long Blades
 + Level 0.1 Slings
 + Level 0.9 Armour
 + Level 1.9 Dodging
 + Level 3.5 Stealth
 + Level 2.5 Spellcasting
 + Level 4.6 Conjurations


You had 6 spell levels left.
You knew the following spells:

 Your Spells              Type           Power        Failure   Level
a - Magic Dart            Conj           72%          3%          1
b - Searing Ray           Conj           36%          5%          2

Your spell library contained the following spells:

 Spells                   Type           Power        Failure   Level
 Dazzling Flash           Conj/Hex       20%          26%         3
 Fulminant Prism          Conj/Hex       5%           65%         4
 Iskenderun's Mystic Bla  Conj/Tloc      10%          65%         4


Dungeon Overview and Level Annotations

Branches:
Dungeon (3/15)

Altars:
Qazlal

Annotations:
D:3 Sigmund


Innate Abilities, Weirdness & Mutations

You have extremely sharp teeth.
Your natural rate of healing is unusually fast.
When hurt, damage is shared between your health and your magic reserves.
Your bite disrupts and absorbs the magic of your enemies.
Potions cannot restore your health.


Message History

Confirm with . or Enter, or press ? or * to list all spells.
You can't see any susceptible monsters within range! (Use Z to cast anyway.)
Casting: Magic Dart (safe; 3% risk of failure)
Confirm with . or Enter, or press ? or * to list all spells.
Okay, then.
Casting: Magic Dart (safe; 3% risk of failure)
Confirm with . or Enter, or press ? or * to list all spells.
You can't see any susceptible monsters within range! (Use Z to cast anyway.)
Casting: Magic Dart (safe; 3% risk of failure)
Confirm with . or Enter, or press ? or * to list all spells.
Aiming: Searing Ray (safe; 5% risk of failure)
Press: ? - help, Shift-Dir - straight line The searing ray hits something! (Press . to maintain the ray.)
Something hits you!
Without enough magic to sustain it, your searing ray dissipates.
Something hits you.
* * * LOW HITPOINT WARNING * * *
Something hits you!
You die...

####.# ###...#####
####.###...........####
#......<..............
#.##.###.........).#
#.##.# .# #.# .....# #
#.# .....# #. #{# #.####
#.. #†# #.# #.##.##@#
#.## #.......# ...#
##......#
...#########...#.#
..♣♣..........##.#
♣♣.###..#####.##.#####.#
♣♣♣.....###...........#
.♣♣.).......###..#####.#
..♣..#.###..###..#


There were no monsters in sight!

Vanquished Creatures
  Terence (D:2)
  A worker ant zombie (D:3)
  3 adders
  An ooze (D:2)
  3 worms
  A dart slug (D:3)
  2 leopard geckos (D:1)
  2 orcs (D:3)
  7 bats
  3 giant cockroaches
  7 goblins
  5 hobgoblins
  4 jackals
  A quokka (D:3)
  3 frilled lizards (D:1)
  8 kobolds
  2 rats (D:2)
54 creatures vanquished.

Notes
Turn   | Place    | Note
-------+----------+-------------------------------------------
     0 | D:1      | promet the Vine Stalker Conjurer began the quest for the
                  | Orb.
     0 | D:1      | Reached XP level 1. HP: 9/9 MP: 4/4
   298 | D:1      | Reached XP level 2. HP: 13/13 MP: 3/6
   301 | D:1      | Learned a level 2 spell: Searing Ray
  1269 | D:2      | Reached XP level 3. HP: 17/17 MP: 3/7
  1437 | D:2      | Reached skill level 1 in Fighting
  1654 | D:2      | Noticed Terence
  1769 | D:2      | Killed Terence
  1770 | D:2      | Gained mutation: Your natural rate of healing is unusually
                  | fast. [Vine Stalker growth]
  1770 | D:2      | Reached XP level 4. HP: 21/22 MP: 1/8
  2908 | D:3      | Found a faded altar of an unknown god.
  2914 | D:3      | Became a worshipper of Qazlal Stormbringer
  2914 | D:3      | Reached * piety under Qazlal
  2983 | D:3      | Reached XP level 5. HP: 19/25 MP: 3/9
  3085 | D:3      | Reached skill level 1 in Long Blades
  3179 | D:3      | Noticed Sigmund
  3195 | D:3      | Slain by Sigmund

Illustrated notes

Levels and vault maps discovered:
D:1:      lemuel_arrival_cross, layout_basic
D:2:      layout_rooms, uniq_terence
D:3:      layout_loops_cross, chequers_ecumenical_altar_grove, uniq_grinder,
          uniq_sigmund, uniq_ijyb

Skill      XL: |  1  2  3  4  5 |
---------------+----------------+-----
Fighting       | 1 |  1.7
Stealth        | 3 |  3.5
Long Blades    | 1 |  1.0
Short Blades   | |  0.4
Slings         | |  0.1
Armour         | |  0.9
Dodging        | |  1.9
Spellcasting   | |  2.5
Conjurations   | |  4.6

Action                   |  1- 3 |  4- 6 || total
-------------------------+-------+-------++-------
Melee: Dagger            |    59 |     2 ||    61
       Bite              |    14 |    12 ||    26
       Falchion          |       |    45 ||    45
 Fire: Hunting sling     |     6 |       ||     6
 Cast: Magic Dart        |    27 |    20 ||    47
       Searing Ray       |     3 |     6 ||     9
  Use: Scroll            |     6 |     5 ||    11
       Potion            |       |     1 ||     1
 Stab: Sleeping          |     3 |     1 ||     4
Armor: Leather armour    |    38 |     8 ||    46
Dodge: Dodged            |    44 |    49 ||    93
       Rpst.: Falchion   |       |    10 ||    10
